 Dungeon Crawl Stone Soup version 0.23-a0-641-g0a7f1ce553 (webtiles) character file.

42117 Morenatsu the Severer (level 13, -7/132 HPs)
             Began as a Minotaur Berserker on Dec 30, 2018.
             Was the Champion of Trog.
             Mangled by an orc warrior
             ... wielding a +0 halberd
              (16 damage)
             ... on level 14 of the Dungeon.
             The game lasted 00:45:40 (13530 turns).

Morenatsu the Severer (Minotaur Berserker)         Turns: 13530, Time: 00:45:41

Health: -7/132     AC: 18    Str: 25    XL:     13   Next: 83%
Magic:  4/4        EV:  8    Int:  4    God:    Trog [******]
Gold:   1225       SH:  0    Dex: 12    Spells: 12/12 levels left

rFire    . . .     SeeInvis +   s - +8 battleaxe (antimagic)
rCold    . . .     Gourm    .   (shield currently unavailable)
rNeg     . . .     Faith    .   C - +1 plate armour
rPois    .         Spirit   .   (helmet restricted)
rElec    .         Reflect  .   t - scarf {repulsion}
rCorr    .         Harm     .   x - +2 pair of gloves
MR       +++..                  i - +0 pair of boots
Stlth    ..........             k - amulet of regeneration
HPRegen  1.72/turn              h - ring of protection from magic
MPRegen  0.09/turn              l - ring of see invisible

@: berserk cooldown, regenerating, slowed, repel missiles, very slow
A: retaliatory headbutt, horns 2
a: Berserk, Trog's Hand, Brothers in Arms, Renounce Religion


You were on level 14 of the Dungeon.
You worshipped Trog.
Trog was exalted by your worship.
You were near starving.

You visited 1 branch of the dungeon, and saw 14 of its levels.
You visited the Abyss 1 time.

You collected 1375 gold pieces.
You spent 150 gold pieces at shops.

Inventory:

Hand Weapons
 s - a +8 antimagic battleaxe (weapon)
Armour
 i - a +0 pair of boots (worn)
 t - a scarf of repulsion (worn)
 x - a +2 pair of gloves (worn)
 C - a +1 plate armour (worn)
 L - a +0 shield
Jewellery
 b - a cursed ring of protection from fire
 h - a ring of protection from magic (left hand)
 k - an amulet of regeneration (around neck)
 l - a ring of see invisible (right hand)
Wands
 u - a wand of acid (11)
 w - a wand of paralysis (7)
 y - a wand of polymorph (20)
 B - a wand of enslavement (11)
 D - a wand of iceblast (6)
 K - a wand of random effects (19)
Scrolls
 m - 4 scrolls of teleportation
 n - a scroll of fog
 o - 5 scrolls of remove curse
 r - 6 scrolls of blinking
 z - a scroll of enchant armour
 I - 2 scrolls of magic mapping
 J - a scroll of identify
Potions
 a - 2 potions of heal wounds
 d - 2 potions of flight
 e - a potion of might
 f - 2 potions of magic
 g - 4 potions of brilliance
 j - 4 potions of ambrosia
 p - a potion of berserk rage
 q - 3 potions of cancellation
 v - a potion of haste
 E - a potion of mutation
 F - a potion of invisibility
 G - 2 potions of lignification
 H - 2 potions of resistance
 M - a potion of curing
Comestibles
 c - 19 rations
 A - 6 chunks of flesh


   Skills:
 + Level 17.2 Fighting
 - Level 20.3 Axes
 - Level 5.5 Armour
 - Level 2.1 Dodging


You had 12 spell levels left.
You didn't know any spells.
Your spell library was empty.

Dungeon Overview and Level Annotations

Branches:
Dungeon (14/15)            Temple (0/1) D:4            Lair (0/6) D:9
    Orc (0/2) D:9
 Vaults: D:13-14

Altars:
Gozag
Kikubaaqudgha
Ru
Trog
Uskayaw

Shops:
D:6 !*%

Annotations:
D:6 1 runed door
Abyss:1 Erica


Innate Abilities, Weirdness & Mutations

You reflexively headbutt those who attack you in melee.
You have a pair of horns on your head.


Message History

The arrow hits you.
The orc warrior hits you from afar with a +0 halberd!
* * * LOW HITPOINT WARNING * * *
Unknown command.
You slash the orc knight! Your headbutt misses the orc knight.
The orc knight is severely wounded.
You hit the deep elf mage.
The deep elf mage's magic leaks into the air.
You hit the battlesphere.
The deep elf mage hits you but does no damage.
The orc knight hits you with a +0 war axe!
* * * LOW HITPOINT WARNING * * *
The deep elf archer shoots an arrow.
The arrow hits you!
* * * LOW HITPOINT WARNING * * *
Your skin crawls.
You feel resistant to hostile enchantments.
You feel somewhat more hungry.
You are near starving!
The orc warrior hits you from afar with a +0 halberd!
You die...

. #. ##. ##.#.# #.#..#.#
######.#.# .##.#..#.##
#......#.# .e.......
#......#..
###.#..#.#####......#.#
.................##.#.#
.......)........##.#.#
###.#*e#)######.....#.#
#...oo@()()# #..#..#..
..##.#..#)##..##..##.###
#..#(# .##..##....
#..##. #...##.### #..#
.. #......#.. #..#
#####(.....#.# ...#
#.#####.#.# .### #.#
#.#.# #.# #.#ยง#


You could see an orc knight, a deep elf archer, a deep elf mage, an orc warrior
and a battlesphere.

Vanquished Creatures
  A tentacled starspawn (Abyss:2)
  The ghost of Oseir the Warrior, a journeyman FoFi of Cheibriados (D:13)
  Azrael (D:12)
  A green death (Abyss:2)
  An ogre mage (D:14)
  A rakshasa (D:13)
  A hydra (D:13)
  4 two-headed ogres
  2 centaur warriors (D:14)
  A catoblepas (D:11)
  2 thrashing horrors (Abyss:2)
  Urug (D:12)
  A wretched star (Abyss:2)
  2 unseen horrors
  An obsidian statue (D:13)
  The ghost of lis82 the Cleaver, a novice DgSk (D:6)
  3 deep elf magi
  A manticore (D:13)
  3 ugly things
  A worldbinder (Abyss:2)
  2 cyclopes (D:13)
  Maurice (D:10)
  A guardian serpent (shapeshifter) (Abyss:2)
  A gargoyle (D:14)
  3 centaur skeletons
  The ghost of hemabe the Charlatan, a novice HuAr (D:4)
  A kobold demonologist (D:12)
  A queen bee (shapeshifter) (Abyss:2)
  A troll (D:11)
  Grinder (D:4)
  5 slime creatures
  A raiju (Abyss:2)
  Prince Ribbit (D:8)
  2 hippogriffs
  A large abomination (Abyss:2)
  A wyvern (D:13)
  4 shadows
  23 yaks
  3 wraiths
  3 fire elementals (D:12)
  A small abomination (Abyss:2)
  A vampire (D:13)
  A human (D:8)
  Grum (D:9)
  4 hogs (D:8)
  2 hungry ghosts (D:13)
  An acid dragon (D:11)
  Edmund (D:4)
  3 water moccasins
  3 hell hounds
  A porcupine (D:9)
  Purgy (D:4)
  6 sky beasts
  10 orc warriors
  5 black bears
  An eye of draining (D:11)
  4 wolves (D:9)
  11 ogres
  8 centaurs
  4 big kobolds
  7 bullfrogs
  A wyvern zombie (D:13)
  4 gnoll sergeants
  A wyvern skeleton (D:14)
  A water moccasin zombie (D:7)
  A scorpion (D:9)
  18 killer bees
  An electric eel (D:12)
  3 howler monkeys
  2 bullfrog zombies
  7 crimson imps
  A lava snake (D:11)
  8 starcursed masses (Abyss:2)
  A centaur zombie (D:8)
  2 bullfrog skeletons
  5 hounds
  2 quasits
  A gnoll shaman (D:10)
  5 jellies
  10 orc priests
  17 orc wizards
  Crazy Yiuf (D:5)
  2 iguanas
  17 worker ants
  3 hound zombies
  A hound skeleton (D:7)
  25 gnolls
  2 river rats (D:6)
  18 adders
  2 shadow imps
  An ufetubus (Abyss:2)
  An adder zombie (D:5)
  5 worms
  5 dart slugs
  6 leopard geckos
  46 orcs
  4 giant cockroaches
  4 hobgoblins
  6 jackals
  29 kobolds
  5 quokkas
  4 ball pythons
  8 bats
  7 frilled lizards
  12 goblins
  A jackal zombie (D:6)
  11 rats
  2 fungi (D:9)
  2 plants (D:9)
484 creatures vanquished.

Vanquished Creatures (others)
  A sky beast (D:11)
  2 fungi (D:9)
  A lurking horror (Abyss:2)
  A plant (D:9)
  2 starspawn tentacles (Abyss:2)
7 creatures vanquished.

Grand Total: 491 creatures vanquished

Notes
Turn   | Place    | Note
-------+----------+-------------------------------------------
     0 | D:1      | Morenatsu the Minotaur Berserker began the quest for the
                  | Orb.
     0 | D:1      | Reached XP level 1. HP: 19/19 MP: 0/0
   112 | D:1      | Reached skill level 4 in Axes
   136 | D:1      | Reached XP level 2. HP: 25/26 MP: 1/1
   583 | D:1      | Reached skill level 5 in Axes
   809 | D:2      | Reached XP level 3. HP: 27/31 MP: 2/2
   819 | D:2      | Reached ** piety under Trog
  1315 | D:2      | Reached skill level 6 in Axes
  1315 | D:2      | Reached XP level 4. HP: 39/39 MP: 3/3
  2180 | D:3      | Reached skill level 7 in Axes
  2180 | D:3      | Reached XP level 5. HP: 39/45 MP: 4/4
  2766 | D:4      | Noticed an orc warrior
  2778 | D:4      | Killed an orc warrior
  2778 | D:4      | Reached *** piety under Trog
  2778 | D:4      | Reached skill level 8 in Axes
  2853 | D:4      | Reached XP level 6. HP: 39/51 MP: 5/5
  2923 | D:4      | Found a staircase to the Ecumenical Temple.
  2924 | D:4      | Noticed Edmund
  2935 | D:4      | Killed Edmund
  2935 | D:4      | Reached skill level 9 in Axes
  2942 | D:4      | Reached XP level 7. HP: 57/57 MP: 6/6
  3080 | D:4      | Noticed Grinder
  3101 | D:4      | Killed Grinder
  3101 | D:4      | Reached skill level 10 in Axes
  3162 | D:4      | Noticed Purgy
  3173 | D:4      | Killed Purgy
  3322 | D:4      | Found a runed door.
  3399 | D:4      | Found a runed door.
  3400 | D:4      | Noticed hemabe's ghost (novice HuAr)
  3426 | D:4      | Killed hemabe's ghost
  3426 | D:4      | Reached XP level 8. HP: 53/71 MP: 7/7
  3679 | D:5      | Entered Level 5 of the Dungeon
  4177 | D:5      | Reached **** piety under Trog
  4483 | D:5      | Found a runed door.
  4549 | D:5      | Noticed Crazy Yiuf
  4552 | D:5      | Killed Crazy Yiuf
  4834 | D:6      | Found a bloodstained altar of Trog.
  4883 | D:6      | Found Gowimi's General Store.
  4895 | D:6      | Found a runed door.
  4895 | D:6      | Found Qorrah's Distillery.
  4896 | D:6      | Noticed lis82's ghost (novice DgSk)
  4916 | D:6      | Reached skill level 10 in Fighting
  4916 | D:6      | Reached XP level 9. HP: 85/85 MP: 8/8
  4936 | D:6      | Killed lis82's ghost
  4945 | D:6      | Found a runed door.
  4979 | D:6      | Bought a potion of heal wounds for 75 gold pieces
  4979 | D:6      | Bought a potion of heal wounds for 75 gold pieces
  5159 | D:6      | Found a hide-covered altar of Uskayaw.
  5175 | D:6      | Reached skill level 5 in Armour
  5257 | D:6      | Found Telecvudaz's Food Boutique.
  5396 | D:7      | Reached skill level 11 in Axes
  5492 | D:7      | Reached ***** piety under Trog
  5764 | D:7      | Reached skill level 12 in Axes
  6020 | D:7      | Reached XP level 10. HP: 73/95 MP: 9/9
  6902 | D:8      | Noticed a two-headed ogre
  6910 | D:8      | Killed a two-headed ogre
  6910 | D:8      | Reached skill level 13 in Axes
  6985 | D:8      | Reached skill level 14 in Axes
  7081 | D:8      | Received a gift from Trog
  7458 | D:8      | Found an opulent altar of Gozag.
  7458 | D:8      | Found an ancient bone altar of Kikubaaqudgha.
  7713 | D:8      | Noticed Prince Ribbit
  7734 | D:8      | Killed Prince Ribbit
  8004 | D:9      | Noticed Grum
  8007 | D:9      | Reached skill level 15 in Axes
  8016 | D:9      | Killed Grum
  8211 | D:9      | Found a staircase to the Orcish Mines.
  8375 | D:9      | Received a gift from Trog
  8522 | D:9      | Reached XP level 11. HP: 102/102 MP: 10/10
  8561 | D:9      | Found a staircase to the Lair.
  8707 | D:9      | Reached skill level 16 in Axes
  8864 | D:10     | Entered Level 10 of the Dungeon
  9001 | D:10     | Found a sacrificial altar of Ru.
  9010 | D:10     | Noticed Maurice
  9010 | D:10     | Noticed a two-headed ogre
  9066 | D:10     | Killed Maurice
  9109 | D:10     | Noticed Erica
  9114 | D:10     | Banished Erica
  9377 | D:10     | Reached skill level 17 in Axes
  9443 | D:10     | Noticed an unseen horror
  9459 | D:10     | Killed an unseen horror
 10089 | D:11     | Noticed a catoblepas
 10189 | D:11     | Killed a catoblepas
 10189 | D:11     | Reached skill level 18 in Axes
 10355 | D:11     | Noticed a cyan ugly thing
 10363 | D:11     | Reached ****** piety under Trog
 10485 | D:12     | Noticed Urug
 10493 | D:12     | Killed Urug
 10503 | D:12     | Cast into level 2 of the Abyss (a distortion unwield)
 10550 | Abyss:2  | Noticed a wretched star
 10560 | Abyss:2  | Killed a wretched star
 10591 | Abyss:2  | Noticed a green death
 10607 | Abyss:2  | Killed a green death
 10607 | Abyss:2  | Reached skill level 19 in Axes
 10607 | Abyss:2  | Reached XP level 12. HP: 35/110 MP: 11/11
 10654 | Abyss:2  | Noticed a starcursed mass
 10661 | Abyss:2  | Noticed a tentacled starspawn
 10669 | Abyss:2  | Killed a tentacled starspawn
 10685 | Abyss:2  | Killed a starcursed mass
 10817 | Abyss:2  | Found a shadowy altar of Dithmenos.
 10833 | Abyss:2  | Received a gift from Trog
 10868 | Abyss:2  | Noticed a starcursed mass
 10882 | Abyss:2  | Killed a starcursed mass
 10882 | Abyss:2  | Reached skill level 20 in Axes
 10929 | D:12     | Escaped the Abyss
 11713 | D:12     | Noticed Azrael
 11729 | D:12     | Killed Azrael
 12172 | D:13     | Reached XP level 13. HP: 122/122 MP: 4/12
 12220 | D:13     | Received a gift from Trog
 12661 | D:13     | Reached skill level 15 in Fighting
 13061 | D:13     | Found a runed gate.
 13063 | D:13     | Found a runed gate.
 13064 | D:13     | Found a runed gate.
 13066 | D:13     | Found an opulent altar of Gozag.
 13066 | D:13     | Noticed Oseir's ghost (journeyman FoFi)
 13084 | D:13     | Killed Oseir's ghost
 13530 | D:14     | Mangled by an orc warrior

Vault maps used:
D:1:      nicolae_arrival_memento_mori, minivault_11, minmay_misc_feat_square
D:3:      wander_river, serial_park_tiny_2
D:4:      minmay_temple_entry_large_hall, ebering_ghost_sewer_f, uniq_purgy,
          uniq_edmund, uniq_grinder
D:5:      first_ration, minmay_chambers_of_fives, uniq_crazy_yiuf_cottage
D:6:      nicolae_overflow_crystal_walls, lemuel_round_altar, serial_shops,
          shop, shop_statue, nicolae_shop_trees, ebering_ghost_sewer_f
D:7:      serial_rivers, chequers_serial_rivers_large_a,
          chequers_serial_rivers_room_a, chequers_serial_rivers_small_3,
          chequers_serial_rivers_room_b, chequers_serial_rivers_small_b,
          chequers_serial_rivers_room_b
D:8:      minmay_polygon_palace, gammafunk_temple_overflow_elements,
          grunt_livestock, uniq_prince_ribbit1
D:9:      grunt_lair_entry_orc_guard_hut, david_orc_4, uniq_grum
D:10:     basic_altar, uniq_erica, uniq_maurice
D:11:     lemuel_flamethrower_2
D:12:     serial_co_window_serial, co_window_paths_b, co_window_paths_a,
          co_window_paths_a, co_window_paths_a, co_window_paths_b,
          co_window_paths_a, co_window_paths_a, co_window_paths_a,
          co_window_of_opportunity_a, co_window_unsneaky_path_b,
          co_window_corner_b, co_window_2corner, glass_columns_b,
          glass_columns_c, glass_columns_b, glass_columns_a,
          gauntlet_entry_generic, minivault_4, uniq_azrael, uniq_urug
D:13:     ebering_ghost_gozag
D:14:     hangedman_vaults_entry_quadrant_bands, serial_shops, shop,
          roderic_lattice_a
Abyss:2:  hangedman_abyss_or_decor_clamps

Skill      XL: |  1  2  3  4  5  6  7  8  9 10 11 12 13 |
---------------+----------------------------------------+-----
Axes           | 4 5 6 7 8 9 10 12 15 19 20 | 20.3
Fighting       | 6 10 11 13 17 | 17.2
Armour         | 5 |  5.5
Dodging        | |  2.1

Action                   |  1- 3 |  4- 6 |  7- 9 | 10-12 | 13-15 || total
-------------------------+-------+-------+-------+-------+-------++-------
Melee: Hand axe          |    70 |   102 |   211 |       |       ||   383
       Headbutt          |    11 |    11 |    55 |   110 |    42 ||   229
       Battleaxe         |       |       |    56 |   295 |   187 ||   538
       War axe           |       |       |       |   187 |       ||   187
       Broad axe         |       |       |       |    62 |       ||    62
Invok: Berserk           |     1 |     2 |     9 |    10 |     4 ||    26
       Trog's Hand       |       |     1 |       |     1 |     1 ||     3
  Use: Scroll            |     1 |     4 |    12 |     8 |     2 ||    27
       Potion            |       |       |       |     5 |       ||     5
 Stab: Sleeping          |     1 |     1 |       |       |       ||     2
  Eat: Chunk             |     2 |     6 |    13 |    22 |    11 ||    54
       Ration            |       |       |     2 |     2 |       ||     4
Armor: Animal skin       |    14 |     6 |    26 |       |       ||    46
       Plate armour      |       |       |    63 |   293 |    66 ||   422
Dodge: Dodged            |    27 |    64 |   109 |   151 |    48 ||   399
       Deflected         |       |       |     1 |    24 |     6 ||    31
Block: Shield            |       |       |       |    13 |       ||    13

Table legend:
 A = Non-vault XP
 B = Vault XP
 C = Vault XP percentage of total XP
 D = Non-vault monster count
 E = Vault monster count
 F = Vault count percentage of total count
                 A         B        C        D         E       F
            +---------+---------+-------+---------+---------+-------
      Total |   41833 |   18335 |  30.5 |     386 |      96 |  19.9
            +---------+---------+-------+---------+---------+-------
        D:1 |      38 |       0 |   0.0 |      22 |       0 |   0.0
        D:2 |     116 |       0 |   0.0 |      29 |       0 |   0.0
        D:3 |      87 |       0 |   0.0 |      18 |       0 |   0.0
        D:4 |     474 |    1005 |  68.0 |      24 |       8 |  25.0
        D:5 |     591 |     128 |  17.8 |      19 |       4 |  17.4
        D:6 |     839 |     692 |  45.2 |      22 |       5 |  18.5
        D:7 |    1620 |       0 |   0.0 |      26 |       0 |   0.0
        D:8 |    1483 |    1938 |  56.7 |      16 |      21 |  56.8
        D:9 |     385 |    2153 |  84.8 |       9 |      27 |  75.0
       D:10 |    3702 |     983 |  21.0 |      30 |       2 |   6.2
       D:11 |    3033 |       0 |   0.0 |      53 |       0 |   0.0
       D:12 |    5577 |    3016 |  35.1 |      38 |       7 |  15.6
       D:13 |   11601 |    3261 |  21.9 |      49 |       6 |  10.9
       D:14 |    2617 |    4672 |  64.1 |      11 |      13 |  54.2
    Abyss:2 |    9670 |     487 |   4.8 |      20 |       3 |  13.0
            +---------+---------+-------+---------+---------+-------
